Map: Blackrock LE

Players

Halo - Winner!

  • Race: Zerg Zerg

A.I. 1 (Hard)

  • Race: Terran Terran

VOD

Have the link to the VOD?

Description

Time

  • Played on: Aug. 3, 2026, 1:13 p.m.
  • Length: 8:57
Show
View Real Time Build Order
Export as new Build Order

Halo Zerg - Winner!

Build Orders: Hatch First 

Get SALT Encoding   

  8  0:00  Drone  
  9  0:11  Drone  
  10  0:16  Drone  
  11  0:22  Drone  
  12  0:29  Extractor  
  12  0:30  Drone  
  13  0:39  Overlord  
  13  1:06  Hatchery  
  13  1:08  Drone  
  13  1:13  Drone  
  13  1:18  Drone  
  15  1:22  Drone  
  16  1:40  Spawning Pool  
  16  1:42  Extractor  
  16  1:44  Drone  
  15  1:47  Drone  
  15  1:52  Drone  
  17  1:58  Drone  
  18  2:08  Drone  
  19  2:18  Overlord  
  19  2:25  Drone  
  19  2:27  Drone  
  21  2:38  Zergling x4  
  21  2:40  Drone  
  24  2:53  Queen, Hatchery  
  24  2:57  Drone  
  26  3:02  Metabolic Boost  
  26  3:06  Drone  
  26  3:09  Drone  
  26  3:12  Drone  
  29  3:17  Overlord  
  29  3:29  Drone x3  
  32  3:35  Queen  
  32  3:39  Drone  
  32  3:40  Drone  
  36  3:44  Overlord  
  36  3:50  Drone x2  
  36  3:53  Drone  
  39  4:06  Drone x5  
  39  4:08  Extractor  
  43  4:10  Baneling Nest  
  43  4:15  Queen  
  44  4:24  Drone x2  
  44  4:30  Zergling x12  
  52  4:37  Overlord  
  52  4:47  Overlord  
  52  5:00  Overlord x2  
  52  5:16  Lair  
  52  5:17  Drone x2, Evolution Chamber  
  52  5:19  Evolution Chamber, Drone  
  52  5:20  Drone x9  
  62  5:27  Drone  
  63  5:29  Drone x5  
  63  5:31  Zergling x4  
  63  5:34  Overlord  
  70  5:49  Zerg Melee Weapons Level 1, Zerg Ground Armor Level 1  
  70  5:53  Overlord x2  
  70  5:54  Zergling x2  
  70  5:55  Zergling x10  
  76  6:22  Drone x2  
  78  6:26  Centrifugal Hooks  
  78  6:28  Hatchery  
  78  6:29  Overlord x2  
  78  6:30  Zergling x10  
  82  6:37  Hatchery  
  79  6:47  Queen  
  79  6:52  Zergling x26  
  80  7:21  Hatchery  
  80  7:22  Drone x2  
  81  7:23  Hatchery  
  81  7:24  Zergling x2  
  81  7:25  Zergling x30  
  96  7:41  Overlord x2  
  96  7:43  Zergling x4  
  98  7:46  Baneling  
  98  7:47  Baneling x12  
  98  7:48  Baneling x6  
  98  7:59  Zergling x26  
  111  8:10  Queen  
  113  8:15  Queen  
  112  8:22  Zergling x26  
  112  8:23  Zergling x10  
Show
View Real Time Build Order
Export as new Build Order

A.I. 1 (Hard) Terran 

Build Orders:  

Get SALT Encoding   

  8  0:00  SCV  
  9  0:13  SCV  
  10  0:25  SCV  
  11  0:37  SCV  
  12  0:46  Supply Depot  
  12  0:49  SCV  
  13  1:07  SCV  
  13  1:10  Barracks  
  14  1:20  SCV, Refinery  
  15  1:32  SCV  
  16  1:44  SCV  
  17  1:56  SCV, Supply Depot  
  17  1:57  Marine  
  19  2:08  SCV  
  20  2:13  Barracks  
  20  2:15  Marine  
  20  2:20  SCV  
  22  2:26  Refinery  
  22  2:33  Orbital Command, Barracks Tech Lab  
  22  2:37  Supply Depot  
  22  2:51  Marine  
  23  3:00  Marine  
  24  3:09  Marauder  
  26  3:15  Supply Depot  
  26  3:18  Marine  
  27  3:30  Marine  
  28  3:36  Marine  
  29  3:48  Marine  
  29  3:50  Supply Depot  
  29  3:54  Marine  
  31  3:59  SCV  
  32  4:06  Marine  
  33  4:11  SCV, Marine  
  33  4:16  Engineering Bay  
  35  4:23  SCV  
  36  4:24  Marauder  
  36  4:29  Marine  
  39  4:35  SCV  
  39  4:38  Supply Depot  
  42  4:46  Marauder  
  42  4:47  SCV  
  43  4:59  SCV  
  46  5:07  Marauder  
  48  5:28  Marauder  
  48  6:06  SCV  
  48  6:13  Barracks Tech Lab  
  48  6:14  Reaper, Stimpack, Terran Infantry Weapons Level 1  
  48  6:16  Factory  
  48  6:17  Factory  
  49  6:19  Missile Turret  
  49  6:20  Missile Turret  
  49  6:23  Command Center  
  49  6:31  Combat Shield  
  49  6:32  Marauder  
  51  6:41  Bunker  
  51  6:48  Reaper  
  51  6:53  Marine  
  47  7:00  Factory Tech Lab x2  
  33  7:03  Starport  
  33  7:07  Starport  
  31  7:11  Marine  
  32  7:22  Marauder  
  34  7:29  Marine  
  35  7:39  SCV  
  35  7:41  SCV  
  35  7:43  Marine  
  38  7:46  Refinery, Starport Tech Lab x2  
  38  7:47  Marauder  
  40  7:52  Refinery  
  40  7:53  SCV  
  40  7:56  SCV  
  42  8:01  Marine  
  42  8:05  SCV  
  44  8:06  Raven  
  44  8:08  Marauder, SCV  
  49  8:13  Raven  
  49  8:17  SCV  
  49  8:19  Marine  
  51  8:20  Hellion  
  51  8:24  Hellion  
  38  8:30  Marine  
  30  8:34  SCV  
Tags
 
Add a new tag
Caveats
  • Supply blocks, unpowered buildings, or Contaminate may cause inaccurate times.
  • Supply counts are checked every 10 seconds.